 Dungeon Crawl Stone Soup version 0.30-a0-1053-gbd8d5ba0ad (webtiles) character file.

Game seed: 17648689053650240684

37 GigaChad the Shield-Bearer (level 3, -4/30 HPs)
             Began as a Formicid Fighter on Apr 11, 2023.
             Slain by a gnoll
             ... wielding a +0 spear
              (6 damage)
             ... on level 2 of the Dungeon.
             The game lasted 00:01:45 (1092 turns).

GigaChad the Shield-Bearer (Formicid Fighter)       Turns: 1092, Time: 00:01:45

Health: -4/30      AC: 11    Str: 22    XL:     3   Next: 60%
Magic:  3/3        EV:  6    Int:  7    God:
Gold:   80         SH:  5    Dex: 13    Spells: 2/2 levels left

rFire   . . .      SeeInvis +    a - +1 war axe
rCold   . . .      Faith    .    c - +0 buckler
rNeg    . . .      Spirit   .    f - +0 plate armour
rPois   .          Reflect  .    (helmet unavailable)
rElec   .          Rampage  .    (no cloak)
rCorr   .                        (no gloves)
Will    .....                    (no boots) Stlth
                                 (no amulet)
HPRegen 0.25/turn                (no ring)
MPRegen 0.08/turn                (no ring)

@: no status effects
A: permanent stasis, dig shafts and tunnels, antennae 3, four strong arms
a: Dig, Shaft Self


You were on level 2 of the Dungeon.
You visited 1 branch of the dungeon, and saw 2 of its levels.

You collected 80 gold pieces.

Inventory:

Hand Weapons
 a - a +1 war axe (weapon)
Armour
 b - a +0 scale mail
 c - a +0 buckler (worn)
 f - a +0 plate armour (worn)
Jewellery
 g - a ring of fire
Scrolls
 e - 2 scrolls of summoning
 h - 2 scrolls of identify
 j - 3 scrolls of teleportation {unknown}
 k - a scroll of magic mapping
 l - a scroll of fog
 m - a scroll of noise {unknown}
Potions
 d - a potion of might
 i - a potion of haste {unknown}


   Skills:
 + Level 3.7 Fighting
 + Level 2.5 Axes
 + Level 3.7 Armour
 + Level 4.4 Shields


You had 2 spell levels left.
You didn't know any spells.
Your spell library contained the following spells:

 Spells                   Type           Power      Damage    Failure   Level
 Dazzling Flash           Conj/Hex       0%         N/A       100%        3
 Inner Flame              Hex/Fire       0%         N/A       100%        3
 Flame Wave               Conj/Fire      0%         2d4       100%        4
 Sticky Flame             Conj/Fire      0%         2d3       100%        4
 Agony                    Necr           0%         N/A       100%        5
 Silence                  Hex/Air        0%         N/A       100%        5


Dungeon Overview and Level Annotations

Branches:
Dungeon (2/15)

Altars:

Shops:
D:1 (


Innate Abilities, Weirdness & Mutations

You cannot be hasted, slowed, berserked, paralysed or teleported.
You can dig through walls and to a lower floor.
You have a pair of large antennae on your head. (SInv)
Your four strong arms can wield two-handed weapons with a shield.


Message History

A gnoll is nearby!
A gnoll comes into view. It is wielding a +0 halberd.
The gnoll shouts!
You hear a shout!
A gnoll comes into view. It is wielding a +0 spear.
The gnoll hits you with a +0 flail.
The gnoll hits you from afar with a +0 halberd.
The gnoll shouts!
There are monsters nearby!
You barely miss the gnoll.
A gnoll comes into view. It is wielding a +0 club.
The gnoll hits you with a +0 flail. You block the gnoll's attack.
The gnoll hits you from afar with a +0 halberd.
You block the gnoll's attack.
The gnoll moves out of view.
There are monsters nearby!
You hit the gnoll.
The gnoll is moderately wounded.
The gnoll barely misses you. x2
There are monsters nearby!
You closely miss the gnoll.
The gnoll is moderately wounded.
You hit the gnoll. The gnoll hits you but does no damage.
The gnoll barely misses you. You block the gnoll's attack.
There are monsters nearby!
You barely miss the gnoll.
The gnoll is moderately wounded.
You closely miss the gnoll. The gnoll hits you but does no damage.
The gnoll hits you from afar with a +0 halberd!
The gnoll hits you with a +0 club. x2
The gnoll hits you from afar with a +0 halberd!
* * * LOW HITPOINT WARNING * * *
You block the gnoll's attack. The gnoll attacks as you move away!
The gnoll hits you but does no damage.
You hit the gnoll.
The gnoll is severely wounded.
The gnoll hits you with a +0 flail.
* * * LOW HITPOINT WARNING * * *
You hit the gnoll.
You kill the gnoll!
The gnoll hits you from afar with a +0 spear.
You die...

#.#.......# ##+##
#.#.#####.# .#
#.#.# #.# .#
#.#.#####.# .#####
#......##.# .....
###.......# ...#
#.##.##.# ..#
#.......####g.###.#
#.##......@)gg....#
#.#####.####..#####
#.#####.# .....
#.......# #.#####
## ############.#
.# #.>.......#.# .#
#.........#.#
###### .#
#..(......#.#
##.#.#. .#
###.........#.#
######......


You could see 3 gnolls.

Vanquished Creatures
  A gnoll (D:2)
  An adder (D:2)
  A worm (D:2)
  3 bats
  An endoplasm (D:1)
  4 goblins
  2 jackals (D:1)
  3 kobolds (D:1)
  6 ball pythons (D:1)
  A frilled lizard (D:2)
  3 rats (D:1)
26 creatures vanquished.

Notes
Turn   | Place    | Note
-------+----------+-------------------------------------------
     0 | D:1      | GigaChad the Formicid Fighter began the quest for the Orb.
     0 | D:1      | Reached XP level 1. HP: 18/18 MP: 1/1
   208 | D:1      | Found Ijilaes's Weapon Boutique.
   255 | D:1      | Reached XP level 2. HP: 24/24 MP: 2/2
   366 | D:1      | Reached XP level 3. HP: 27/30 MP: 3/3
  1091 | D:2      | HP: 1/30 [gnoll/+0 flail (2)]
  1092 | D:2      | Slain by a gnoll

Illustrated notes

Levels and vault maps discovered:
D:1:      lemuel_arrival_river_ford, layout_basic, serial_shops, shop,
          roderic_roman_lattice, st_stairs_11, hangedman_decor_push,
          chequers_serial_rivers_micro_b
D:2:      layout_loops_corners, st_stairs_8

Action                     || total
---------------------------++-------
  Melee: War axe           ||    54
Ability: Dig               ||     1
    Use: Scroll            ||     5
 Armour: Plate armour      ||    33
  Dodge: Dodged            ||    14
  Block: Buckler           ||    15

Table legend: (Time is in decaauts)
 A = Elapsed time spent in this place.
 B = Non-inter-level travel time spent in this place.
 C = Inter-level travel time spent in this place.
 D = Time resting spent in this place.
 E = Time spent auto-exploring this place.
 F = Levels seen in this place.
 G = Mean time per level.
                   A        B        C        D        E       F      G
               +--------+--------+--------+--------+--------+-----+--------+
         Total |   1121 |   1108 |     13 |      0 |    910 |   2 |  560.5 |
       Dungeon |   1121 |   1108 |     13 |      0 |    910 |   2 |  560.5 |
               +--------+--------+--------+--------+--------+-----+--------+

Top non-repeatable levels by time:
     D:1: 790 daAuts
     D:2: 331 daAuts
